 Dungeon Crawl Stone Soup version 0.30-a0-757-ga6a79fd877 (webtiles) character file.

Game seed: 9024389899690022094

7 RapScallion the Shooter (level 2, 0/17 HPs)
             Began as a Tengu Hunter on Feb 9, 2023.
             Slain by a rat (3 damage)
             ... on level 1 of the Dungeon.
             The game lasted 00:00:21 (53 turns).

RapScallion the Shooter (Tengu Hunter)                Turns: 53, Time: 00:00:22

Health: 0/17       AC:  3    Str: 11    XL:     2   Next: 0%
Magic:  3/3        EV: 12    Int:  9    God:
Gold:   0          SH:  0    Dex: 17    Spells: 1/1 levels left

rFire   . . .      SeeInvis .    a - +0 shortbow
rCold   . . .      Faith    .    (shield currently unavailable)
rNeg    . . .      Spirit   .    c - +0 leather armour
rPois   .          Reflect  .    (helmet restricted)
rElec   .          Harm     .    (no cloak)
rCorr   .          Rampage  .    (no gloves)
Will    .....                    (boots unavailable)
Stlth   ++                       (no amulet)
HPRegen 0.22/turn                (no ring)
MPRegen 0.08/turn                (no ring)

@: no status effects
A: beak, talons 3
a: no special abilities


You were on level 1 of the Dungeon.
You visited 1 branch of the dungeon, and saw 1 of its levels.

Inventory:

Hand Weapons
 a - a +0 shortbow (weapon)
Armour
 c - a +0 leather armour (worn)
Scrolls
 b - a scroll of immolation
 d - a scroll of enchant weapon {unknown}


   Skills:
 + Level 2.1 Fighting
 + Level 4.5 Ranged Weapons
 + Level 2.3 Dodging
 + Level 1.3 Stealth


You had one spell level left.
You didn't know any spells.
Your spell library was empty.

Dungeon Overview and Level Annotations

Branches:
Dungeon (1/15)

Altars:


Innate Abilities, Weirdness & Mutations

You have a beak for a mouth.
You have claws for feet.


Message History

You are too injured to fight recklessly!
You are too injured to fight recklessly!
You are too injured to fight recklessly!
There are monsters nearby!
Fire: a) +0 shortbow
Press: ? - help, Shift-Dir - straight line, f - you, p - ball python Unknown command.
You escape the ball python's grasp.
The jackal attacks as you move away!
The jackal bites you but does no damage.
Fire: a) +0 shortbow
Press: ? - help, Shift-Dir - straight line, f/p - ball python
Aim: a ball python (moderately wounded, 60% to hit)
You shoot an arrow. The arrow closely misses the jackal.
The arrow hits the ball python.
You kill the ball python!
The jackal closely misses you. The jackal bites you.
* * * LOW HITPOINT WARNING * * *
Fire: a) +0 shortbow
Press: ? - help, Shift-Dir - straight line, f - jackal
Aim: a jackal (56% to hit)
You shoot an arrow. The arrow hits the jackal!
You kill the jackal!
The rat misses you.
You have reached level 2!
Fire: a) +0 shortbow
Press: ? - help, Shift-Dir - straight line, f - rat
Aim: a rat (63% to hit)
You shoot an arrow.
The arrow hits the rat but does no damage.
The rat misses you.
Fire: a) +0 shortbow
Press: ? - help, Shift-Dir - straight line, f/p - rat
Aim: a rat (63% to hit)
You shoot an arrow. The arrow barely misses the rat.
The rat misses you.
Fire: a) +0 shortbow
Press: ? - help, Shift-Dir - straight line, f/p - rat
Aim: a rat (63% to hit)
You shoot an arrow. The arrow barely misses the rat.
The rat barely misses you. The rat bites you.
You die...

........##########
..######.# #.# #.#
#.# .######## #.#
......†.# #.# #r#
#.# #@# #.#
#.######.#
#........#
##########


You could see a rat.

Vanquished Creatures
  A ball python (D:1)
  A goblin (D:1)
  3 jackals (D:1)
5 creatures vanquished.

Notes
Turn   | Place    | Note
-------+----------+-------------------------------------------
     0 | D:1      | RapScallion the Tengu Hunter began the quest for the Orb.
     0 | D:1      | Reached XP level 1. HP: 12/12 MP: 2/2
    51 | D:1      | Reached XP level 2. HP: 3/17 MP: 3/3
    53 | D:1      | Slain by a rat

Illustrated notes

Levels and vault maps discovered:
D:1:      wheals_arrival_shading, layout_loops_ring, minmay_bisected

Action                     || total
---------------------------++-------
   Fire: Shortbow          ||    16
 Armour: Leather armour    ||     7
  Dodge: Dodged            ||    20

Table legend: (Time is in decaauts)
 A = Elapsed time spent in this place.
 B = Non-inter-level travel time spent in this place.
 C = Inter-level travel time spent in this place.
 D = Time resting spent in this place.
 E = Time spent auto-exploring this place.
 F = Levels seen in this place.
 G = Mean time per level.
                   A        B        C        D        E       F      G
               +--------+--------+--------+--------+--------+-----+--------+
         Total |     57 |     57 |      0 |      0 |     33 |   1 |   57.0 |
       Dungeon |     57 |     57 |      0 |      0 |     33 |   1 |   57.0 |
               +--------+--------+--------+--------+--------+-----+--------+

Top non-repeatable levels by time:
     D:1: 57 daAuts
